 Dungeon Crawl Stone Soup version 0.21-a0-634-gaf8bc5d (webtiles) character file.

20 kibaces the Ducker (level 2, -1/21 HPs)
             Began as an Octopode Fighter on Dec 29, 2017.
             Slain by an orc wizard
             ... wielding a +0 dagger
              (4 damage)
             ... on level 2 of the Dungeon.
             The game lasted 00:02:19 (975 turns).

kibaces the Ducker (Octopode Fighter)                Turns: 975, Time: 00:02:20

Health: -1/21      AC:  1    Str: 15    XL:     2   Next: 79%
Magic:  2/2        EV: 11    Int: 10    God:
Gold:   66         SH:  8    Dex: 11    Spells: 1/1 levels left

rFire    . . .     SeeInvis .   a - +0 flail
rCold    . . .     Gourm    .   b - +0 shield
rNeg     . . .     Faith    .   (helmet restricted)
rPois    .         Spirit   .   (no amulet)
rElec    .         Reflect  .   (no ring)
rCorr    .         Harm     .   (no ring)
MR       .....                  (no ring)
Stlth    ++........             (no ring)
HPRegen  0.07/turn              (no ring)
MPRegen  0.08/turn              (no ring)
                                (no ring)
                                (no ring)

@: no status effects
A: almost no armour, stealthy swim, amphibious, 8 rings, constrict 8, camouflage
1, gelatinous body 1
a: no special abilities


You were on level 2 of the Dungeon.
You were not hungry.

You visited 1 branch of the dungeon, and saw 2 of its levels.

You collected 66 gold pieces.

Inventory:

Hand Weapons
 a - a +0 flail (weapon)
Armour
 b - a +0 shield (worn)
Jewellery
 i - an uncursed amulet of harm {unknown}
Scrolls
 e - a scroll of remove curse {unknown}
 f - 3 scrolls of immolation {unknown}
Potions
 c - a potion of might
 h - 2 potions of lignification {unknown}
Comestibles
 d - 3 rations


   Skills:
 + Level 3.2 Fighting
 + Level 2.3 Maces & Flails
 + Level 3.2 Dodging
 + Level 3.2 Shields


You had one spell level left.
You didn't know any spells.

Dungeon Overview and Level Annotations

Branches:
Dungeon (2/15)

Altars:

Annotations:
D:2 Natasha


Innate Abilities, Weirdness & Mutations

You cannot wear most types of armour.
You are very stealthy in the water. (Stealth+)
You are amphibious.
You can wear up to eight rings at the same time.
You can use your tentacles to constrict eight enemies at once.
Your skin changes colour to match your surroundings (Stealth+).
Your rubbery body absorbs attacks. (AC +1, EV +1)


Message History

Your squeeze misses the orc wizard.
The orc wizard is severely wounded.
You block the orc wizard's attack.
An orc priest comes into view.
You miss the orc wizard. Your grab misses the orc wizard.
The orc wizard is severely wounded.
The orc wizard hits you with a dagger.
* * * LOW HITPOINT WARNING * * *
The orc wizard casts a cantrip, but nothing happens.
You closely miss the orc wizard. Your grab misses the orc wizard.
Your squeeze misses the orc wizard.
The orc wizard is severely wounded.
You block the orc wizard's attack.
Natasha wildly gestures.
Natasha shimmers violently.
The white imp spits at you.
You hit the orc wizard but do no damage.
You grab the orc wizard.
The orc wizard is severely wounded.
You constrict the orc wizard. The orc wizard hits you with a dagger.
You die...

### ##.##
##.#.##################
#.###.<.........#......
##.#.######............
##.# #.###.#.##$..
####.# #.# #.# # <....#
#.# #@# # ######
#.###o#.##.#
#...oSh....#
#..##hh.###.. #o
###.?.. .. ...... ..
...... # .##.# .# ..


You could see an orc priest, an orc wizard, Natasha, an adder and 2 jackals.

Vanquished Creatures
  3 leopard geckos (D:1)
  An orc (D:2)
  2 bats
  2 hobgoblins (D:1)
  A jackal (D:2)
  A kobold (D:1)
  A frilled lizard (D:1)
  4 rats
15 creatures vanquished.

Notes
Turn   | Place    | Note
-------+----------+-------------------------------------------
     0 | D:1      | kibaces the Octopode Fighter began the quest for the Orb.
     0 | D:1      | Reached XP level 1. HP: 16/16 MP: 1/1
   261 | D:1      | Reached XP level 2. HP: 17/21 MP: 2/2
   967 | D:2      | Noticed Natasha
   975 | D:2      | Slain by an orc wizard

Vault maps used:
D:1:      tarquinn_simple_flora_water_f, roderic_malta_cross,
          serial_bayou_crossing
D:2:      okawaru_gym_becter, first_ration, uniq_natasha, uniq_terence

Action                   || total
-------------------------++-------
Melee: Flail             ||    30
       Constrict         ||     9
       Tentacles         ||     6
 Stab: Sleeping          ||     1
Dodge: Dodged            ||     6
Block: Shield            ||    17

Table legend:
 A = Spawn XP
 B = Non-spawn XP
 C = Spawn XP percentage of total XP
 D = Spawn monster count
 E = Non-spawn monster count
 F = Spawn count percentage of total count
 G = Total turns spent on level
                    A         B        C        D         E        F      G
               +---------+---------+-------+---------+---------+-------+---------
         Total |       0 |      29 |   0.0 |       0 |      15 |   0.0 |   975
               +---------+---------+-------+---------+---------+-------+---------
           D:1 |       0 |      20 |   0.0 |       0 |      10 |   0.0 |   933
           D:2 |       0 |       9 |   0.0 |       0 |       5 |   0.0 |    42
               +---------+---------+-------+---------+---------+-------+---------
